 Dungeon Crawl Stone Soup version 0.20-a0-513-g02c11fc (webtiles) character file.

219 seren the Conjurer (level 5, -1/35 HPs)
             Began as a Mummy Wizard on Jan 22, 2017.
             Killed by divine providence
             ... invoked by an orc priest
              (13 damage)
             ... on level 3 of the Dungeon.
             The game lasted 00:18:35 (4421 turns).

seren the Conjurer (Mummy Wizard)                   Turns: 4421, Time: 00:18:36

Health: -1/35      AC: 10    Str: 10    XL:     5   Next: 63%
Magic:  10/11      EV: 12    Int: 18    God:
Gold:   148        SH:  0    Dex: 11    Spells: 3/12 levels left

rFire    x . .     SeeInvis .   n - +4 dagger (protect)
rCold    + . .     Gourm    .   a - +0 robe
rNeg     + + +     Faith    .   (no shield)
rPois    ∞         Spirit   .   b - +0 hat
rElec    .         Reflect  .   m - +0 cloak
rCorr    .         Harm     .   (no gloves)
MR       .....                  (no boots)
Stlth    ++........             (no amulet)
Regen    0.2/turn               (no ring)
                                (no ring)

@: protection aura, repel missiles
A: no food or potions, fire vulnerability, cold resistance 1, negative energy
resistance 3, torment resistance, unbreathing
a: no special abilities


You were on level 3 of the Dungeon.
You were not hungry.

You visited 1 branch of the dungeon, and saw 4 of its levels.

You collected 148 gold pieces.

Inventory:

Hand Weapons
 i - a +0 short sword
 n - a +4 dagger of protection (weapon)
Armour
 a - a +0 robe (worn)
 b - a +0 hat (worn)
 f - a +0 shield
 g - a +2 leather armour of fire resistance
 m - a +0 cloak (worn)
Scrolls
 d - 2 scrolls of teleportation
 e - 2 scrolls of remove curse
 h - 2 scrolls of immolation
 j - a scroll of fear
Books
 c - a book of Minor Magic

   Spells                             Type                      Level
   a - Magic Dart                     Conjuration                  1
   b - Blink                          Translocation                2
   c - Call Imp                       Summoning                    2
   d - Repel Missiles                 Charms/Air                   2
   e - Slow                           Hexes                        2
   f - Conjure Flame                  Conjuration/Fire             3
   g - Mephitic Cloud                 Conjuration/Poison/Air       3
 l - a book of Cantrips

   Spells                             Type                      Level
   a - Confusing Touch                Hexes                        1
   b - Animate Skeleton               Necromancy                   1
   c - Summon Small Mammal            Summoning                    1
   d - Apportation                    Translocation                1


   Skills:
 - Level 1.5 Dodging
 - Level 1.5 Stealth
 - Level 4.0 Spellcasting
 - Level 4.5 Conjurations
   Level 0.7 Summonings
 - Level 0.7 Translocations
 + Level 0.7 Fire Magic


You had 3 spell levels left.
You knew the following spells:

 Your Spells              Type           Power        Failure   Level  Hunger
a - Magic Dart            Conj           ###.         1%          1    N/A
b - Blink                 Tloc           N/A          17%         2    N/A
f - Conjure Flame         Conj/Fire      ##......     17%         3    N/A
r - Repel Missiles        Chrm/Air       #.....       21%         2    N/A
s - Animate Skeleton      Necr           N/A          14%         1    N/A

Dungeon Overview and Level Annotations

Branches:
Dungeon (4/15)
 Temple: D:4-7

Altars:

Annotations:
D:3 Terence


Innate Abilities, Weirdness & Mutations

You do not eat or drink.
Your flesh is vulnerable to fire.
You are immune to poison.
Your flesh is cold resistant. (rC+)
You are immune to negative energy. (rN+++)
You are immune to unholy pain and torment.
You can survive without breathing.


Message History

The orc priest closely misses you.
Your quokka skeleton bites the orc priest but does no damage.
You hit the orc priest but do no damage.
The orc priest is severely wounded.
The orc priest barely misses you.
Your quokka skeleton bites the orc priest but does no damage.
You hit the orc priest.
The orc priest is almost dead.
The orc priest barely misses you.
Your quokka skeleton bites the orc priest but does no damage.
Casting: Magic Dart
Confirm with . or Enter, or press ? or * to list all spells.
Aiming: Magic Dart
Press: ? - help, Shift-Dir - straight line, f - orc priest
Aim: an orc priest, wielding a short sword and wearing a ring mail (almost dead)
The magic dart hits the orc priest.
The orc priest is almost dead.
The orc priest calls down the wrath of Beogh upon you.
Beogh smites you!
You die...

###..###### ##.##......#......
#..###### #.##.#.#....##...
#.......# #......K...###...
#.#####.# #######.#.#...####..
#.......# ##...###.............
########..###.....####.#.(.......
..........##....%...%....#...###'
###............Zo...##.#######...
#####...##....@%..##.# ##....
#...###...(.#.##.# #..... #...#
##...##.##.# #.....
######...#####.##.#.#.#####....≈
##...........##.#.# #......#...≈§
.....##...##.##..# ##....##....≈
.#.#.##...##.####. #.###.##....≈
..........##.# #.# #.###...≈
.#.#.##.#.##.# #.# #.# #....


You could see an orc priest and a friendly quokka skeleton.

Vanquished Creatures
  A howler monkey (D:4)
  An orc priest (D:3)
  Jessica (D:3)
  5 adders (D:3)
  An ooze (D:1)
  A worm (D:1)
  3 dart slugs
  3 leopard geckos
  5 orcs
  3 giant cockroaches
  4 hobgoblins (D:2)
  6 jackals
  A quokka (D:3)
  6 bats
  6 frilled lizards
  4 goblins
  4 kobolds
  11 rats
66 creatures vanquished.

Vanquished Creatures (collateral kills)
  A worm (D:3)
  A bat (D:3)
2 creatures vanquished.

Grand Total: 68 creatures vanquished

Notes
Turn   | Place    | Note
-------+----------+-------------------------------------------
     0 | D:1      | seren the Mummy Wizard began the quest for the Orb.
     0 | D:1      | Reached XP level 1. HP: 13/13 MP: 5/5
    59 | D:1      | Reached skill level 1 in Conjurations
   530 | D:1      | Reached XP level 2. HP: 17/19 MP: 0/7
   900 | D:1      | Learned a level 2 spell: Blink
   903 | D:1      | Learned a level 2 spell: Repel Missiles
  1538 | D:1      | Reached XP level 3. HP: 23/24 MP: 2/8
  2476 | D:2      | Found a faded altar of an unknown god.
  2619 | D:2      | Learned a level 3 spell: Conjure Flame
  2923 | D:3      | Noticed Jessica
  2992 | D:3      | Reached XP level 4. HP: 27/30 MP: 1/10
  3246 | D:3      | Noticed Terence
  3317 | D:3      | Learned a level 1 spell: Animate Skeleton
  3551 | D:3      | Killed Jessica
  3672 | D:3      | Reached XP level 5. HP: 28/35 MP: 5/11
  4421 | D:3      | Killed from afar by an orc priest

Vault maps used:
D:1:      lightli_arrival_noodles
D:2:      chequers_ecumenical_altar_lobes
D:3:      kennysheep_potato, uniq_terence, uniq_jessica
D:4:      grunt_ministairs_6, kennysheep_diamond

Skill      XL: |  1  2  3  4 |
---------------+-------------+-----
Conjurations   | 1 2 3 4 |  4.5
Dodging        | |  1.5
Stealth        | |  1.5
Spellcasting   | |  4.0
Summonings     | |  0.7
Translocations | |  0.7
Fire Magic     | |  0.7

Action                   |  1- 3 |  4- 6 || total
-------------------------+-------+-------++-------
Melee: Unarmed           |    15 |       ||    15
       Short sword       |    26 |    17 ||    43
       Dagger            |       |    22 ||    22
 Cast: Magic Dart        |   108 |    62 ||   170
       Repel Missiles    |     1 |     1 ||     2
       Animate Skeleton  |       |     9 ||     9
       Conjure Flame     |       |     1 ||     1
  Use: Scroll            |       |     4 ||     4
 Stab: Sleeping          |     1 |     2 ||     3
       Distracted        |       |     1 ||     1
Armor: Robe              |    19 |    16 ||    35
Dodge: Dodged            |    31 |    45 ||    76
       Deflected         |       |     2 ||     2
